 Dungeon Crawl Stone Soup version 0.29-a0-870-g2c972031a6 (webtiles) character file.

Game seed: 2434922148907505769

30 concernfroge the Trooper (level 3, -3/30 HPs)
             Began as a Mummy Monk on July 17, 2022.
             Killed from afar by Sigmund (10 damage)
             ... with a puff of flame
             ... on level 2 of the Dungeon.
             The game lasted 00:02:26 (1012 turns).

concernfroge the Trooper (Mummy Monk)               Turns: 1012, Time: 00:02:26

Health: -3/30      AC:  3    Str: 16    XL:     3   Next: 5%
Magic:  3/3        EV: 12    Int:  9    God:
Gold:   101        SH:  0    Dex: 14    Spells: 2/2 levels left

rFire   x . .      SeeInvis .   a - +0 spear
rCold   + . .      Faith    .   (no shield)
rNeg    + + +      Spirit   .   b - +0 robe
rPois   ∞          Reflect  .   (no helmet)
rElec   .          Harm     .   d - +0 cloak
rCorr   .          Rampage  .   (no gloves)
Will    .....                   (no boots)
Stlth   +.........              (no amulet)
HPRegen 0.10/turn               (no ring)
MPRegen 0.08/turn               (no ring)

@: confused, weak-willed
A: cold resistance 1, negative energy resistance 3, torment resistance 2, heat
vulnerability 1, in touch with death 1, no potions
a: no special abilities


You were on level 2 of the Dungeon.
You visited 1 branch of the dungeon, and saw 2 of its levels.

You collected 101 gold pieces.

Inventory:

Hand Weapons
 a - a +0 spear (weapon)
Armour
 b - a +0 robe (worn)
 d - a +0 cloak (worn)
Scrolls
 c - a scroll of blinking


   Skills:
 + Level 4.2 Fighting
 - Level 2.4 Polearms
 - Level 2.4 Dodging
 - Level 1.5 Stealth


You had 2 spell levels left.
You didn't know any spells.
Your spell library contained the following spells:

 Spells                   Type           Power      Damage    Failure   Level
 Tukima's Dance           Hex            0%         N/A       77%         3
 Passage of Golubria      Tloc           0%         N/A       99%         4
 Summon Forest            Summ/Tloc      0%         N/A       100%        5
 Summon Mana Viper        Hex/Summ       0%         N/A       100%        5
 Yara's Violent Unravell  Hex/Tmut       0%         3d3       100%        5
 Summon Cactus Giant      Summ           0%         N/A       100%        6


Dungeon Overview and Level Annotations

Branches:
Dungeon (2/15)

Altars:

Shops:
D:1 =

Annotations:
D:2 Sigmund


Innate Abilities, Weirdness & Mutations

You are immune to poison.
Your flesh is cold resistant. (rC+)
You are immune to negative energy. (rN+++)
You are immune to unholy pain and torment.
You are vulnerable to heat. (rF-)
You are in touch with the powers of death.
You do not drink.


Message History

As you read the scroll labelled GEINICSESO, it crumbles to dust.
It was a scroll of blinking.
You reach to attack!
You hit the frilled lizard but do no damage.
You closely miss the frilled lizard. The frilled lizard misses you.
You hit the frilled lizard.
You kill the frilled lizard!
There is a strange disturbance nearby!
Something tries to affect you, but you resist.
There is a strange disturbance nearby!
An adder comes into view.
Found 2 gold pieces.
You are confused.
You bump into the rock wall.
The adder hisses angrily.
A magic dart appears from out of thin air!
The magic dart hits you. The adder bites you.
You bump into the rock wall.
The adder bites you. The adder bites you.
You are too confused!
You are too confused!
You bump into the rock wall.
The adder bites you. The adder barely misses you.
You're too confused to move!
You feel less confused. The adder misses you.
You hit the adder.
The adder is lightly wounded.
You hear some strange, mumbled words.
You are confused.
The adder misses you. The adder attacks as you move away!
The adder closely misses you. Something hits you!
* * * LOW HITPOINT WARNING * * *
The adder closely misses you.
You closely miss the adder.
The adder is lightly wounded.
You hear some strange, mumbled words.
A puff of flame appears from out of thin air!
The puff of flame hits you! The fire burns you terribly!
You die...

#. ######..######.##
#$##......{.........
#^....###.#####.###.
#.##.# #.# #. #.
#.##.# #.# #.###.
#.##.# #.# #.....
#.##.####.# #.#.##
#.........# #.#...
#.S@{.##### #.....
####......... #..###
##.####### #. # #.#
#. ## #.# .. #.# #
#.. .### ### ....
....


You could see an adder.

Vanquished Creatures
  An adder (D:2)
  5 bats
  4 endoplasms
  A giant cockroach (D:1)
  3 goblins (D:1)
  A quokka (D:1)
  A frilled lizard (D:2)
  A kobold (D:1)
  3 rats (D:1)
20 creatures vanquished.

Notes
Turn   | Place    | Note
-------+----------+-------------------------------------------
     0 | D:1      | concernfroge the Mummy Monk began the quest for the Orb.
     0 | D:1      | Reached XP level 1. HP: 18/18 MP: 1/1
    98 | D:1      | Found Zuphiurr's Jewellery Shoppe.
   385 | D:1      | Found a faded altar of an unknown god.
   408 | D:1      | Reached XP level 2. HP: 24/24 MP: 2/2
   622 | D:1      | You fall into a shaft and drop 1 floor!
   643 | D:2      | Reached skill level 4 in Fighting
   882 | D:2      | Gained mutation: You are in touch with the powers of death.
                  | [Mummy growth]
   882 | D:2      | Reached XP level 3. HP: 30/30 MP: 3/3
   983 | D:2      | Noticed Sigmund
  1012 | D:2      | Killed from afar by Sigmund

Illustrated notes

Levels and vault maps discovered:
D:1:      scummos_arrival_gate, layout_basic,
          shapermc_ecumenical_altar_mp_vishouse, serial_shops, shop
D:2:      layout_loops_ring, serial_shops, nicolae_square_shop,
          nicolae_shop_overgrown_old_shop, minmay_misc_feat_room,
          item_on_display_a, uniq_sigmund

Skill      XL: |  1  2 |
---------------+-------+-----
Fighting       | 4 |  4.2
Polearms       | |  2.4
Dodging        | |  2.4
Stealth        | |  1.5

Action                   || total
-------------------------++-------
Melee: Spear             ||    56
  Use: Scroll            ||     3
 Stab: Sleeping          ||    11
Armor: Robe              ||     6
Dodge: Dodged            ||    32

Table legend: (Time is in decaauts)
 A = Elapsed time spent in this place.
 B = Non-inter-level travel time spent in this place.
 C = Inter-level travel time spent in this place.
 D = Time resting spent in this place.
 E = Time spent auto-exploring this place.
 F = Levels seen in this place.
 G = Mean time per level.
                   A        B        C        D        E       F      G
               +--------+--------+--------+--------+--------+-----+--------+
         Total |   1010 |    968 |     42 |      0 |    818 |   2 |  505.0 |
       Dungeon |   1010 |    968 |     42 |      0 |    818 |   2 |  505.0 |
               +--------+--------+--------+--------+--------+-----+--------+

Top non-repeatable levels by time:
     D:1: 826 daAuts
     D:2: 184 daAuts
